 Dungeon Crawl Stone Soup version 0.30.1-11-g7821555f0a (webtiles) character file.

Game seed: 7947887405549759535

1192 jagang the Slasher (level 8, 0/64 HPs)
             Began as a Human Monk on Jan 3, 2024.
             Was a Believer of the Shining One.
             Slain by a fire elemental (5 damage)
             ... summoned by a deep elf pyromancer
             ... on level 6 of the Dungeon.
             The game lasted 00:09:31 (4484 turns).

jagang the Slasher (Human Monk)                     Turns: 4484, Time: 00:09:36

Health: 0/64       AC: 10    Str: 12    XL:     8   Next: 71%
Magic:  0/10       EV:  8    Int: 11    God:    the Shining One [**....]
Gold:   271        SH:  0    Dex: 23    Spells: 7/7 levels left

rFire   + . .        d - +0 long sword
rCold   + + .        (no shield)
rNeg    + . .        w - +0 chain mail
rPois   .            (no helmet)
rElec   .            t - scarf {rC+ rF+}
rCorr   .            (no gloves)
SInv    .            i - +0 pair of boots
Will    .....        x - amulet of guardian spirit Stlth
                     l - +6 ring of dexterity
HPRegen 0.30/turn    z - ring of protection from cold
MPRegen 0.12/turn

%: guardian spirit
@: glowing
A: no striking features
a: Renounce Religion, Divine Shield


You were on level 6 of the Dungeon.
You worshipped the Shining One.
The Shining One was pleased with you.
You visited 2 branches of the dungeon, and saw 7 of its levels.

You collected 271 gold pieces.

Inventory:

Hand Weapons
 a - a +0 long sword
 d - a +0 long sword (weapon)
Missiles
 m - 10 poisoned darts (quivered)
Armour
 i - a +0 pair of boots (worn)
 t - a scarf of resistance (worn)
 w - a +0 chain mail (worn)
 A - the +4 robe "Lucanar" {rC++ Regen+ Str+3 Stlth-}
   (You found it on level 6 of the Dungeon)

   Str:       It affects your strength (+3).
   rC:        It greatly protects you from cold.
   Regen:     It increases your rate of health regeneration.
   Stlth:     It makes you less stealthy.
Jewellery
 l - a +6 ring of dexterity (left hand)
 x - an amulet of guardian spirit (around neck)
 z - a ring of protection from cold (right hand)
Wands
 u - a wand of digging (6)
 v - a wand of flame (24)
Scrolls
 b - a scroll of noise
 f - a scroll of silence
 g - 2 scrolls of fog
 h - a scroll of brand weapon
 o - a scroll of fear {unknown}
 r - 5 scrolls of enchant weapon
 s - 2 scrolls of blinking {unknown}
 y - 3 scrolls of teleportation {unknown}
Potions
 c - a potion of ambrosia
 e - 3 potions of brilliance
 j - a potion of lignification {unknown}
 k - a potion of might {unknown}
 n - a potion of heal wounds {unknown}
 p - 2 potions of haste
 q - 2 potions of curing


   Skills:
 * Level 5.7 Fighting
 * Level 5.8 Long Blades
 * Level 4.7 Armour
 - Level 3.0 Dodging
 + Level 3.0 Shields
 + Level 3.4 Invocations


You had 7 spell levels left.
You didn't know any spells.
Your spell library contained the following spells:

 Spells                   Type           Power      Damage    Failure   Level
 Vhi's Electric Charge    Tloc/Air       0%         N/A       100%        3
 Arcjolt                  Conj/Air       0%         1d10      100%        5
 Plasma Beam              Fire/Air       0%         2x1d11    100%        6


Dungeon Overview and Level Annotations

Branches:
Dungeon (6/15)             Temple (1/1) D:4

Altars:
Ashenzari
Cheibriados
Dithmenos
Elyvilon
Gozag
Hepliaklqana
Kikubaaqudgha
Makhleb
Nemelex Xobeh
Okawaru
Qazlal
Ru
Trog
Uskayaw
Vehumet
Wu Jian
Xom
Yredelemnul
Zin
The Shining One


Message History

The deep elf pyromancer is moderately wounded.
The deep elf pyromancer hits you with a +0 rapier.
The fire elemental hits you. The fire elemental burns you! You resist.
The fire elemental hits you. The fire elemental burns you! You resist.
You hit the deep elf pyromancer.
The deep elf pyromancer is heavily wounded.
The fire elemental hits you. The fire elemental burns you! You resist.
The deep elf pyromancer gestures at you while chanting.
The bolt of fire hits you! You resist. The fire elemental barely misses you.
The deep elf pyromancer gestures wildly while chanting.
The fire elemental hits you. The fire elemental burns you! You resist.
* * * LOW HITPOINT WARNING * * *
The fire elemental hits you. The fire elemental burns you! You resist.
* * * LOW HITPOINT WARNING * * *
Okay, then.
You hit the deep elf pyromancer but do no damage.
The deep elf pyromancer is moderately wounded.
The fire elemental disappears in a puff of smoke!
The fire elemental barely misses you. The fire elemental closely misses you.
The deep elf pyromancer hits you with a +0 rapier.
* * * LOW HITPOINT WARNING * * *
You barely miss the deep elf pyromancer.
The deep elf pyromancer is moderately wounded.
The fire elemental barely misses you. The fire elemental hits you.
The fire elemental burns you! You resist.
* * * LOW HITPOINT WARNING * * *
The fire elemental hits you. The fire elemental burns you! You resist.
* * * LOW HITPOINT WARNING * * *
The deep elf pyromancer gestures at you while chanting.
The bolt of fire misses you.
The bolt of fire hits the fire elemental.
The fire elemental completely resists.
Okay, then.
It was a potion of curing.
You feel better. The fire elemental hits you. The fire elemental burns you!
You resist.
* * * LOW HITPOINT WARNING * * *
The fire elemental hits you. The fire elemental burns you! You resist.
* * * LOW HITPOINT WARNING * * *
The fire elemental hits you. The fire elemental burns you! You resist.
You die...

##### +⌠.$+ +...+
#..+eE°+ #..#@E'#..#
#.#..#E..#..#
#.#..#...#..# ..
##.#..#...#..#.###..
#..#..#...#..#......
#..#).#...#..#......
#..#..8...8..#......
#...................
#....###............


You could see a deep elf pyromancer and 3 fire elementals.

Vanquished Creatures
  An ice beast (D:4)
  2 black bears
  A sky beast (D:4)
  A phantom (D:5)
  3 scorpions
  A howler monkey (D:6)
  2 hounds (D:5)
  2 jellies
  3 orc priests (D:6)
  Ijyb (D:3)
  Jessica (D:2)
  4 iguanas
  11 adders
  2 worms
  3 dart slugs
  2 orcs (D:6)
  9 ball pythons
  6 bats
  2 endoplasms
  2 giant cockroaches (D:4)
  9 goblins
  5 hobgoblins
  5 kobolds
  4 quokkas
  3 frilled lizards
  6 rats
91 creatures vanquished.

Notes
Turn   | Place    | Note
-------+----------+-------------------------------------------
     0 | D:1      | jagang the Human Monk began the quest for the Orb.
     0 | D:1      | Reached XP level 1. HP: 18/18 MP: 1/1
   140 | D:1      | Reached XP level 2. HP: 21/24 MP: 2/2
   336 | D:1      | Reached skill level 1 in Armour
   439 | D:1      | Reached XP level 3. HP: 29/29 MP: 3/3
   681 | D:2      | Reached XP level 4. HP: 34/35 MP: 4/4
   793 | D:2      | Reached skill level 1 in Invocations
   830 | D:2      | Found a faded altar of an unknown god.
   978 | D:2      | Reached skill level 1 in Shields
  1179 | D:2      | Noticed Jessica
  1184 | D:2      | Killed Jessica
  1185 | D:2      | Reached XP level 5. HP: 40/42 MP: 4/6
  1471 | D:3      | Noticed Ijyb
  1472 | D:3      | Paralysed by Ijyb for 2 turns
  1489 | D:3      | Killed Ijyb
  1891 | D:4      | Reached XP level 6. HP: 13/48 MP: 7/7
  2177 | D:4      | Found a staircase to the Ecumenical Temple.
  2188 | Temple   | Entered the Ecumenical Temple
  2227 | Temple   | Became a worshipper of the Shining One
  2227 | Temple   | Reached * piety under the Shining One
  2227 | Temple   | Reached ** piety under the Shining One
  2323 | D:4      | Noticed an ice beast
  2335 | D:4      | Killed an ice beast
  2336 | D:4      | Reached XP level 7. HP: 40/55 MP: 6/8
  2628 | D:4      | Reached skill level 5 in Long Blades
  2977 | D:5      | Entered Level 5 of the Dungeon
  2988 | D:5      | Reached skill level 5 in Fighting
  2988 | D:5      | Reached XP level 8. HP: 50/62 MP: 8/10
  4428 | D:6      | Identified the +4 robe "Lucanar" {rC++ Regen+ Str+3 Stlth-}
  4473 | D:6      | Noticed a deep elf pyromancer
  4478 | D:6      | Noticed a fire elemental
  4478 | D:6      | Noticed a fire elemental
  4482 | D:6      | Noticed a fire elemental
  4482 | D:6      | Noticed a fire elemental
  4484 | D:6      | Slain by a fire elemental

Illustrated notes

Levels and vault maps discovered:
D:1:      tarquinn_simple_flora_water_c, layout_basic
D:2:      layout_basic, shapermc_ecumenical_altar_flowoftime,
          nicolae_concentric_dashed_squares_mild, uniq_jessica
D:3:      layout_rooms, hangedman_glass_teeth, chequers_serial_rivers_small_b,
          uniq_ijyb
D:4:      layout_cave_pools, minmay_temple_entry_gardened_gates
D:5:      layout_basic
D:6:      layout_cave_pools, lemuel_tele_altar, guppyfry_early_elven_hall
Temple:   nicolae_temple_bog_church

Skill      XL: |  1  2  3  4  5  6  7  8 |
---------------+-------------------------+-----
Armour         | 1 2 3 4 |  4.7
Invocations    | 1 2 3 |  3.4
Shields        | 1 2 3 |  3.0
Long Blades    | 4 5 |  5.8
Fighting       | 4 5 |  5.7
Dodging        | |  3.0

Action                     |  1- 3 |  4- 6 |  7- 9 || total
---------------------------+-------+-------+-------++-------
  Melee: Falchion          |    75 |   124 |    34 ||   233
         Long sword        |       |       |    97 ||    97
         Punch             |       |       |     2 ||     2
  Throw: Boomerang         |     1 |    28 |     1 ||    30
         Dart              |       |       |     5 ||     5
    Use: Scroll            |       |       |     6 ||     6
         Potion            |       |       |     1 ||     1
 Armour: Robe              |     4 |       |       ||     4
         Scale mail        |    24 |    51 |       ||    75
         Chain mail        |       |    23 |    99 ||   122
  Dodge: Dodged            |    58 |    69 |    65 ||   192
